 Dungeon Crawl Stone Soup version 0.30-a0-739-gea05faddec (webtiles) character file.

Game seed: 6468982394696875003

7693 pokeman the Thaumaturge (level 11, -3/61 HPs)
             Began as a Deep Elf Hedge Wizard on Feb 4, 2023.
             Was an Elder of Vehumet.
             Slain by a wraith (10 damage)
             ... on level 9 of the Dungeon on Feb 5, 2023.
             The game lasted 00:29:47 (11613 turns).

pokeman the Thaumaturge (Deep Elf Hedge Wizard)    Turns: 11613, Time: 00:29:48

Health: -3/61      AC:  5    Str:  7    XL:     11   Next: 0%
Magic:  2/31       EV: 13    Int: 24    God:    Vehumet [****..]
Gold:   609        SH:  0    Dex: 14    Spells: 22/38 levels left

rFire   + . .      SeeInvis .    w - +1 dagger (venom)
rCold   . . .      Faith    .    (no shield)
rNeg    . . .      Spirit   .    b - +0 robe
rPois   +          Reflect  .    H - +1 helmet
rElec   .          Harm     .    (no cloak)
rCorr   .          Rampage  .    (no gloves)
Will    +....                    F - +0 pair of boots
Stlth   ++                       (no amulet)
HPRegen 0.30/turn                k - ring of protection from fire
MPRegen 0.22/turn                A - ring of poison resistance

@: slowed, very slow
A: no striking features
a: Renounce Religion


You were on level 9 of the Dungeon.
You worshipped Vehumet.
Vehumet was greatly pleased with you.
You visited 1 branch of the dungeon, and saw 9 of its levels.
You also visited: Sewer.

You collected 609 gold pieces.

Inventory:

Hand Weapons
 w - a +1 dagger of venom (weapon)
Missiles
 t - a curare-tipped dart
 D - a throwing net
Armour
 b - a +0 robe (worn)
 F - a +0 pair of boots (worn)
 H - a +1 helmet (worn)
Magical Staves
 y - a staff of death
 L - a staff of cold
Jewellery
 k - a ring of protection from fire (left hand)
 z - a ring of willpower
 A - a ring of poison resistance (right hand)
 E - a ring of positive energy
 N - an amulet of faith
Wands
 G - a wand of mindburst (4)
Scrolls
 a - 3 scrolls of blinking {unknown}
 c - a scroll of noise {unknown}
 g - a scroll of silence {unknown}
 h - 5 scrolls of teleportation {unknown}
 m - a scroll of fog {unknown}
 n - 2 scrolls of butterflies {unknown}
 o - 2 scrolls of enchant weapon {unknown}
 p - a scroll of brand weapon {unknown}
 r - 3 scrolls of amnesia {unknown}
 v - 3 scrolls of identify {unknown}
 B - a scroll of fear {unknown}
 C - a scroll of enchant armour {unknown}
 I - 2 scrolls of immolation {unknown}
 M - 2 scrolls of poison {unknown}
 O - a scroll of acquirement {unknown}
Potions
 d - 4 potions of magic
 e - 6 potions of haste {unknown}
 f - 2 potions of might {unknown}
 i - 4 potions of heal wounds {unknown}
 j - 8 potions of curing {unknown}
 l - 3 potions of lignification {unknown}
 q - a potion of cancellation {unknown}
 s - a potion of resistance {unknown}
 u - a potion of invisibility {unknown}
 x - 2 potions of berserk rage {unknown}
 J - 2 potions of flight {unknown}
 K - a potion of degeneration {unknown}


   Skills:
 - Level 4.1 Fighting
 + Level 4.3 Armour
 - Level 3.0 Dodging
 - Level 3.1 Stealth
 * Level 14.3 Spellcasting
 + Level 8.3 Conjurations
 - Level 1.1 Summonings
 - Level 1.0 Necromancy
 - Level 1.1 Translocations
 + Level 7.6 Fire Magic
 - Level 1.0 Ice Magic
 - Level 1.0 Air Magic
 - Level 1.0 Poison Magic
 - Level 1.0 Evocations


You had 22 spell levels left.
You knew the following spells:

 Your Spells              Type           Power      Damage    Failure   Level
a - Magic Dart            Conj           100%       1d8       1%          1
b - Mephitic Cloud        Conj/Pois/Air  33%        N/A       1%          3
c - Call Imp              Summ           22%        N/A       3%          2
d - Blink                 Tloc           44%        N/A       3%          2
e - Flame Wave            Conj/Fire      53%        2d13      1%          4
f - Iskenderun's Mystic   Conj/Tloc      39%        2d9       1%          4

Your spell library contained the following spells:

 Spells                   Type           Power      Damage    Failure   Level
 Freeze                   Ice            88%        1d9       1%          1
 Frozen Ramparts          Ice            44%        1d7       1%          3
 Hailstorm                Conj/Ice       39%        3d9       1%          3
 Inner Flame              Hex/Fire       35%        N/A       1%          3
 Sticky Flame             Conj/Fire      53%        2d7       1%          4
 Apportation              Tloc           44%        N/A       2%          1
 Slow                     Hex            68%        N/A       3%          1
 Cigotuvi's Dreadful Rot  Necr/Pois/Air  44%        N/A       3%          2
 Ensorcelled Hibernation  Hex/Ice        38%        N/A       4%          2
 Arcjolt                  Conj/Air       19%        1d29      4%          5
 Vhi's Electric Charge    Tloc/Air       44%        N/A       7%          3
 Spider Form              Tmut/Pois      19%        N/A       9%          3
 Anguish                  Hex/Necr       9%         N/A       26%         4
 Alistair's Intoxication  Tmut/Pois      12%        N/A       58%         5
 Maxwell's Capacitive Co  Air            11%        ∞         100%        8


Dungeon Overview and Level Annotations

Branches:
Dungeon (9/15)             Temple (0/1) D:5           Sewer (visited)
   Lair: D:8-11         Orc: D:9-12

Altars:
Dithmenos
Fedhas
Gozag
Kikubaaqudgha
Okawaru
Qazlal
Ru
Sif Muna
Trog
Vehumet
Xom
Zin

Shops:
D:3 :

Annotations:
D:7 2 transporters, Dordric's ghost, novice OgBe


Message History

Casting: Flame Wave (safe; 1% risk of failure)
Confirm with . or Enter, or press ? or * to list all spells.
Restarting spell: Flame Wave (safe; 1% risk of failure)
Press: ? - help, Dir - look around, f - activate A wave of flame ripples out!
The flame wave engulfs something! (Press . to intensify the flame waves.)
Something draws life force from you! The killer bee stings you!
* * * LOW HITPOINT WARNING * * *
A wave of flame ripples out!
The flame wave engulfs the killer bee!
You kill the killer bee!
Vehumet accepts your kill.
You feel your power returning.
The flame wave engulfs something!
Something hits you but does no damage. Something bites you.
* * * LOW HITPOINT WARNING * * *
Something draws strength from your injuries!
A wave of flame ripples out!
The flame wave engulfs something!!
Vehumet accepts your kill.
You feel your power returning.
Reactivating autopickup.
You feel a bit more experienced.
The flame wave engulfs the wraith!
The wraith is moderately damaged.
You hear a shout!
You have reached level 11!
Casting: Flame Wave (safe; 1% risk of failure)
Confirm with . or Enter, or press ? or * to list all spells.
You erupt in a blast of force!
The mystic blast hits the wraith!
The wraith is heavily damaged.
Casting: Iskenderun's Mystic Blast (dangerous; 1% risk of failure)
Confirm with . or Enter, or press ? or * to list all spells.
You erupt in a blast of force!
The mystic blast hits the wraith.
The wraith is severely damaged.
The wraith hits you.
* * * LOW HITPOINT WARNING * * *
The wraith drains your vigour!
You feel yourself slow down.
Casting: Iskenderun's Mystic Blast (dangerous; 1% risk of failure)
Confirm with . or Enter, or press ? or * to list all spells.
You erupt in a blast of force!
The mystic blast hits the wraith!
The wraith is almost destroyed.
The wraith hits you!
You die...

#.# #.#.#.# #.#
##.#.#.# #.#
#....#.# #.#
#†.###.# #.#
#..#...# #.#
#..#...# #.#
#..#.#.# # #.#
#....#.#'#+### #.#
#..###@W...... #.#
#... #........ #.#
#.##.#....<... #.#
###+#'##.#........
#.# #......#
..#.#+### #.#
#......# #.#.# #.#
#......#####.# #.#
#..........#.# #.#
#.......##.#


You could see a wraith.

Vanquished Creatures
  A two-headed ogre (D:7)
  Pikel (D:9)
  A troll (D:7)
  2 vampires
  4 yaks (D:9)
  A steam dragon (D:9)
  Edmund (D:4)
  A water moccasin (D:6)
  3 orc warriors
  A sky beast (D:8)
  5 black bears
  3 ogres
  A centaur (D:8)
  A phantom (D:3)
  4 lemures (D:9)
  3 kobold brigands
  2 necrophages
  5 scorpions
  5 bullfrogs
  9 wights
  13 killer bees
  4 howler monkeys
  2 jellies (D:6)
  6 orc priests
  4 hounds
  A gnoll bouda (D:6)
  7 iguanas
  7 orc wizards
  14 gnolls
  11 adders
  3 river rats (Sewer)
  2 white imps
  4 ufetubi
  A worm (D:2)
  2 dart slugs
  21 orcs
  3 endoplasms
  3 giant cockroaches (D:1)
  4 goblins
  9 hobgoblins
  2 jackals (D:5)
  24 kobolds
  2 quokkas
  9 ball pythons
  A bat (D:1)
  A frilled lizard (D:3)
  19 rats
233 creatures vanquished.

Vanquished Creatures (collateral kills)
  A two-headed ogre (D:7)
  A scorpion (D:2)
  An iguana (D:4)
  A gnoll (D:3)
  An adder (D:4)
  2 river rats (Sewer)
  2 orcs (D:4)
  A bat (D:4)
  2 ball pythons (D:4)
  4 kobolds
  5 rats (Sewer)
21 creatures vanquished.

Vanquished Creatures (others)
  An angel (D:7)
  18 fungi (D:5)
19 creatures vanquished.

Grand Total: 273 creatures vanquished

Notes
Turn   | Place    | Note
-------+----------+-------------------------------------------
     0 | D:1      | pokeman the Deep Elf Hedge Wizard began the quest for the
                  | Orb.
     0 | D:1      | Reached XP level 1. HP: 10/10 MP: 7/7
   253 | D:1      | Reached XP level 2. HP: 15/15 MP: 3/9
  1214 | D:2      | Reached skill level 5 in Spellcasting
  1326 | D:2      | Noticed a scorpion
  1498 | D:2      | Found a faded altar of an unknown god.
  1980 | D:2      | Reached XP level 3. HP: 17/20 MP: 1/11
  1984 | D:2      | Learned a level 3 spell: Mephitic Cloud
  1987 | D:2      | Learned a level 2 spell: Call Imp
  1990 | D:2      | Learned a level 2 spell: Blink
  2217 | D:2      | Killed a scorpion
  2218 | D:2      | Reached skill level 1 in Fighting
  2218 | D:2      | Reached skill level 1 in Armour
  2218 | D:2      | Reached XP level 4. HP: 25/25 MP: 0/13
  2683 | D:3      | Noticed a phantom
  2775 | D:3      | Killed a phantom
  2776 | D:3      | Reached skill level 6 in Spellcasting
  2776 | D:3      | Reached XP level 5. HP: 12/29 MP: 0/15
  2948 | D:3      | Found Hyinugin's Book Boutique.
  2964 | D:3      | Learned a level 4 spell: Flame Wave
  3211 | D:3      | Found a radiant altar of Vehumet.
  3226 | D:3      | Became a worshipper of Vehumet
  3585 | D:4      | Found a sacrificial altar of Ru.
  3589 | D:4      | Noticed Edmund
  3648 | D:4      | Found a glowing drain.
  3664 | Sewer    | Entered a sewer
  3722 | Sewer    | Reached XP level 6. HP: 12/34 MP: 3/17
  3968 | Sewer    | Reached skill level 1 in Poison Magic
  4027 | Sewer    | Reached skill level 1 in Air Magic
  4129 | Sewer    | Reached * piety under Vehumet
  4129 | Sewer    | Offered knowledge of Sandblast by Vehumet.
  4130 | Sewer    | Reached skill level 7 in Spellcasting
  4130 | Sewer    | Reached skill level 1 in Fire Magic
  4701 | D:4      | Reached XP level 7. HP: 32/39 MP: 17/20
  4780 | D:4      | Reached ** piety under Vehumet
  4785 | D:4      | Offered knowledge of Searing Ray by Vehumet.
  4999 | D:4      | Reached skill level 8 in Spellcasting
  5161 | D:4      | Found an ancient bone altar of Kikubaaqudgha.
  5168 | D:4      | Found an iron altar of Okawaru.
  5388 | D:5      | Entered Level 5 of the Dungeon
  5555 | D:5      | Reached skill level 1 in Necromancy
  5620 | D:5      | Reached skill level 1 in Evocations
  5814 | D:5      | Offered knowledge of Dazzling Flash by Vehumet.
  5917 | D:5      | Reached XP level 8. HP: 40/44 MP: 14/22
  5935 | D:5      | Reached skill level 9 in Spellcasting
  6190 | D:5      | Reached skill level 5 in Conjurations
  6350 | D:5      | Found a shadowy altar of Dithmenos.
  6399 | D:5      | Reached *** piety under Vehumet
  6551 | D:5      | Found a staircase to the Ecumenical Temple.
  6866 | D:4      | Killed Edmund
  6867 | D:4      | Reached skill level 10 in Spellcasting
  7184 | D:6      | Reached XP level 9. HP: 49/49 MP: 19/25
  7327 | D:6      | Found a shimmering blue altar of Sif Muna.
  7416 | D:6      | Found an opulent altar of Gozag.
  7493 | D:6      | Offered knowledge of Ignite Poison by Vehumet.
  7811 | D:6      | Found a stormy altar of Qazlal.
  7940 | D:7      | Reached skill level 11 in Spellcasting
  7947 | D:7      | Reached skill level 5 in Fire Magic
  8138 | D:7      | Found a transporter.
  8139 | D:7      | Found a transporter.
  8139 | D:7      | Noticed Dordric's ghost (novice OgBe)
  8365 | D:7      | Noticed an angel
  8367 | D:7      | Found a shimmering altar of Xom.
  8367 | D:7      | Found a glowing silver altar of Zin.
  8585 | D:7      | Reached skill level 1 in Ice Magic
  8647 | D:7      | Noticed a troll
  8681 | D:7      | Noticed a two-headed ogre
  8693 | D:7      | Killed a two-headed ogre
  8694 | D:7      | Reached skill level 12 in Spellcasting
  8695 | D:7      | Killed a troll
  8702 | D:7      | Reached XP level 10. HP: 19/56 MP: 10/28
  8702 | D:7      | Noticed a two-headed ogre
  8746 | D:7      | Killed an angel
  9182 | D:7      | Killed a two-headed ogre
  9364 | D:8      | Reached skill level 13 in Spellcasting
  9433 | D:8      | Found a blossoming altar of Fedhas.
  9993 | D:8      | Reached **** piety under Vehumet
 10193 | D:8      | Found a bloodstained altar of Trog.
 10931 | D:9      | Noticed Pikel
 10948 | D:9      | Killed Pikel
 11182 | D:9      | Reached skill level 14 in Spellcasting
 11193 | D:9      | Offered knowledge of Iskenderun's Mystic Blast by Vehumet.
 11205 | D:8      | Learned a level 4 spell: Iskenderun's Mystic Blast
 11611 | D:9      | Reached XP level 11. HP: 11/61 MP: 13/31
 11613 | D:9      | Slain by a wraith

Illustrated notes

Levels and vault maps discovered:
D:1:      moated_graveyard_arrival, layout_loops_ring
D:2:      layout_loops_ring, hellmonk_ecumenical_altar_arch_garden
D:3:      layout_basic, fiery_altar_vehumet, serial_shops, shop_statue,
          serial_glass, glass_columns_c, glass_columns_c, glass_columns_b,
          glass_columns_a, glass_columns_a, glass_columns_b, glass_columns_a,
          glass_columns_a, glass_columns_a, glass_columns_b
D:4:      layout_rooms, mainiacjoe_overflow_alcove_2,
          mainiacjoe_overflow_large_starburst, cheibrodos_sewer_entry_sluice,
          st_stairs_13, uniq_edmund
D:5:      minmay_skewed_foursquare, layout_basic,
          mainiacjoe_overflow_cross_hatched, minmay_temple_entry_proselytizer
D:6:      layout_gridville, nicolae_sif_muna_condensation,
          mainiacjoe_overflow_tiny_flanked, grunt_gozag_statues
D:7:      minmay_chambers_of_sevens, layout_basic,
          grunt_temple_overflow_order_and_chaos_1, gammafunk_ghost_arena
D:8:      layout_basic, amcnicky_altar_gilded, fedhas_ov_isle_minmay
D:9:      layout_basic, david_lair_generic, nzn_random_ring, uniq_erica,
          uniq_prince_ribbit1, uniq_pikel, uniq_maurice

Skill      XL: |  1  2  3  4  5  6  7  8  9 10 |
---------------+-------------------------------+-----
Spellcasting   | 5 6 7 8 10 12 14 | 14.3
Fighting       | 1 2 3 4 |  4.1
Armour         | 1 2 3 4 |  4.3
Conjurations   | 2 3 4 5 7 8 |  8.3
Dodging        | 3 |  3.0
Stealth        | 3 |  3.1
Poison Magic   | 1 |  1.0
Air Magic      | 1 |  1.0
Fire Magic     | 1 3 4 6 7 |  7.6
Necromancy     | 1 |  1.0
Evocations     | 1 |  1.0
Ice Magic      | 1 |  1.0
Summonings     | |  1.1
Translocations | |  1.1

Action                     |  1- 3 |  4- 6 |  7- 9 | 10-12 || total
---------------------------+-------+-------+-------+-------++-------
  Melee: Dagger            |     7 |    42 |   130 |    84 ||   263
         Punch             |       |     1 |     3 |     3 ||     7
   Cast: Magic Dart        |    88 |   133 |   163 |    58 ||   442
         Call Imp          |     3 |     9 |     6 |     5 ||    23
         Mephitic Cloud    |     1 |     8 |    40 |    31 ||    80
         Blink             |       |     1 |     3 |     1 ||     5
         Flame Wave        |       |       |     9 |    19 ||    28
         Iskenderun's Myst |       |       |       |     5 ||     5
  Evoke: Wand              |       |       |     4 |       ||     4
   Stab: Confused          |       |     4 |    21 |     9 ||    34
 Armour: Robe              |     1 |     8 |    22 |    20 ||    51
  Dodge: Dodged            |     9 |    44 |   110 |    62 ||   225

Table legend: (Time is in decaauts)
 A = Elapsed time spent in this place.
 B = Non-inter-level travel time spent in this place.
 C = Inter-level travel time spent in this place.
 D = Time resting spent in this place.
 E = Time spent auto-exploring this place.
 F = Levels seen in this place.
 G = Mean time per level.
                   A        B        C        D        E       F      G
               +--------+--------+--------+--------+--------+-----+--------+
         Total |  11630 |  11061 |    569 |    970 |   7908 |  10 | 1163.0 |
       Dungeon |  10608 |  10039 |    569 |    883 |   7237 |   9 | 1178.7 |
         Sewer |   1022 |   1022 |      0 |     87 |    670 |   1 | 1022.0 |
               +--------+--------+--------+--------+--------+-----+--------+

Top non-repeatable levels by time:
     D:8: 1803 daAuts
     D:3: 1333 daAuts
     D:2: 1319 daAuts
     D:5: 1304 daAuts
     D:7: 1284 daAuts
     D:6: 1117 daAuts
     D:1: 1082 daAuts
   Sewer: 1022 daAuts
     D:4: 892 daAuts
     D:9: 471 daAuts
